 Dungeon Crawl Stone Soup version 0.29.0-15-g675c0067aa (webtiles) character file.

Game seed: 5125453162529909683

50 Descartes the Scratcher (level 3, 0/17 HPs)
             Began as a Felid Wanderer on Sept 11, 2022.
             Slain by a quokka (4 damage)
             ... on level 2 of the Dungeon.
             The game lasted 00:01:49 (1494 turns).

Descartes the Scratcher (Felid Wanderer)            Turns: 1494, Time: 00:01:49

Health: 0/17       AC:  1    Str: 13    XL:     3   Next: 55%
Magic:  5/5        EV: 17    Int: 10    God:
Gold:   69         SH:  0    Dex: 15    Spells: 4/4 levels left
                                        Lives:  0   Deaths: 0

rFire   . . .      SeeInvis +     - Unarmed
rCold   . . .      Faith    .   (shield unavailable)
rNeg    . . .      Spirit   .   (body armour unavailable)
rPois   .          Reflect  .   (helmet unavailable)
rElec   .          Harm     .   (cloak unavailable)
rCorr   .          Rampage  .   (gloves unavailable)
Will    .....                   (boots unavailable)
Stlth   ++........              (no amulet)
HPRegen 0.05/turn               (no ring)
MPRegen 0.09/turn               (no ring)

@: quick
A: very small, claws 1, fangs 3, see invisible, speed 1, shaggy fur 1, stealthy
paws, no weapons or thrown items, no armour, multi-lived
a: no special abilities


You were on level 2 of the Dungeon.
You visited 1 branch of the dungeon, and saw 2 of its levels.

You collected 69 gold pieces.

Inventory:

Scrolls
 e - 4 scrolls of butterflies
 f - a scroll of acquirement {unknown}
 g - a scroll of teleportation {unknown}
 i - a scroll of noise {unknown}
Potions
 a - a potion of berserk rage
 b - 3 potions of invisibility
 c - a potion of attraction
 d - a potion of curing
 h - 2 potions of degeneration {unknown}
 j - a potion of heal wounds {unknown}


   Skills:
 - Level 3.0 Fighting
 + Level 2.4 Dodging
 + Level 2.5 Stealth
 + Level 5.4 Unarmed Combat
 - Level 1.0 Spellcasting
 - Level 1.1 Evocations


You had 4 spell levels left.
You didn't know any spells.
Your spell library contained the following spells:

 Spells                   Type           Power      Damage    Failure   Level
 Stone Arrow              Conj/Erth      0%         3d7       71%         3
 Lehudib's Crystal Spear  Conj/Erth      0%         10d2      100%        8
 Animate Armour           Summ/Erth      Unusable   N/A       N/A         4

Dungeon Overview and Level Annotations

Branches:
Dungeon (2/15)

Altars:

Shops:
D:2 (

Annotations:
D:2 Robin


Innate Abilities, Weirdness & Mutations

You have sharp claws.
You have razor-sharp teeth.
You have supernaturally acute eyesight. (SInv)
You cover ground quickly. (Speed+)
You are covered in fur. (AC +1)
Your paws help you pounce on unaware monsters.
You are incapable of wielding weapons or throwing items.
You cannot wear armour.
You gain extra lives every three experience levels.


Message History

Level annotation: Robin
There is a stone staircase leading up here.
You claw the rat!
You kill the rat!
No target in view!
There is a stone staircase leading up here.
An adder comes into view.
Found a whip.
A rat comes into view.
You pounce on the unaware helpless adder!
You mangle the adder!!
You kill the adder!
A rat comes into view.
Found Feseafu's Antique Weapon Shop.
A bat and a quokka come into view.
The rat closely misses you.
You barely miss the rat. The rat bites you.
You barely miss the rat. The rat barely misses you.
You scratch the rat.
You kill the rat!
You miss the bat. The bat misses you. The bat hits you but does no damage.
You scratch the quokka.
The quokka is moderately wounded.
The bat closely misses you. The quokka closely misses you.
The quokka bites you.
You closely miss the quokka. The bat barely misses you. The bat hits you.
The quokka misses you.
You miss the quokka. The bat barely misses you. The bat misses you.
The quokka misses you.
You scratch the bat.
You kill the bat!
The quokka bites you.
You are too injured to fight recklessly!
You are too injured to fight recklessly!
You are too injured to fight recklessly!
You are too injured to fight recklessly!
You miss the quokka. The quokka bites you.
* * * LOW HITPOINT WARNING * * *
The quokka bites you.
You die...

P###.........# ## _#
#.....##..#### .# .#
#......<#....# .# ..
#....†#......###### .#
P.
#.....####........###.#
.. P. #######
##.###.......##.).#
#.########........
#..............###
#####.@#######..###
#......r..# ###
..r...††...#
...........#
#..P∩P.....#
##.P.P.....#
#......#### ##.....#
#######


You could see a quokka and a rat (asleep).

Vanquished Creatures
  An adder (D:2)
  A dart slug (D:1)
  2 ball pythons (D:1)
  3 bats
  3 endoplasms (D:1)
  3 giant cockroaches (D:1)
  4 goblins
  6 hobgoblins (D:1)
  3 kobolds
  2 quokkas (D:1)
  3 frilled lizards (D:1)
  4 rats
35 creatures vanquished.

Vanquished Creatures (others)
  7 plants (D:2)
  A withered plant (D:2)
8 creatures vanquished.

Grand Total: 43 creatures vanquished

Notes
Turn   | Place    | Note
-------+----------+-------------------------------------------
     0 | D:1      | Descartes the Felid Wanderer began the quest for the Orb.
     0 | D:1      | Descartes set off with the following items: a potion of
                  | berserk rage, a potion of invisibility, a potion of
                  | attraction, a potion of curing, a scroll of butterflies.
     0 | D:1      | Reached XP level 1. HP: 10/10 MP: 3/3
    61 | D:1      | You fall into a shaft and drop 1 floor!
    95 | D:2      | Reached skill level 1 in Dodging
    95 | D:2      | Reached skill level 1 in Stealth
   112 | D:2      | Found a faded altar of an unknown god.
   166 | D:2      | Noticed Robin
   188 | D:1      | Reached XP level 2. HP: 10/14 MP: 4/4
   907 | D:1      | Reached XP level 3. HP: 14/17 MP: 5/5
  1482 | D:2      | Found Feseafu's Antique Weapon Shop.
  1494 | D:2      | Slain by a quokka

Illustrated notes

Levels and vault maps discovered:
D:1:      minmay_arrival_split_and_join, layout_loops_ring
D:2:      layout_rooms, shapermc_ecumenical_altar_flowoftime, serial_shops,
          nicolae_shop_overgrown_old_shop, minmay_cupped, uniq_robin

Skill      XL: |  1  2 |
---------------+-------+-----
Dodging        | 1 2 |  2.4
Stealth        | 1 2 |  2.5
Fighting       | |  3.0
Unarmed Combat | |  5.4
Spellcasting   | |  1.0
Evocations     | |  1.1

Action                   || total
-------------------------++-------
Melee: Unarmed           ||    95
       Bite              ||     8
       Punch             ||     1
 Stab: Sleeping          ||     3
Armor: Skin              ||     8
Dodge: Dodged            ||    65
